 Dungeon Crawl Stone Soup version 0.20.1-1-g8b1a95d (webtiles) character file.

15220 equalderp2856 the Cleaver (level 11, -7/95 HPs)
             Began as a Minotaur Fighter on Oct 1, 2017.
             Mangled by an ice devil (17 damage)
             ... on level 11 of the Dungeon.
             The game lasted 00:23:10 (9846 turns).

equalderp2856 the Cleaver (Minotaur Fighter)        Turns: 9846, Time: 00:23:10

Health: -7/95      AC: 21    Str: 21    XL:     11   Next: 99%
Magic:  10/10      EV: 10    Int: 11    God:
Gold:   462        SH: 19    Dex: 12    Spells: 10/10 levels left

rFire    + + +     SeeInvis .   a - +1 war axe
rCold    . . .     Gourm    .   c - +0 shield
rNeg     . . .     Faith    .   V - +2 chain mail {rF+}
rPois    +         Spirit   .   g - +0 hat
rElec    +         Reflect  +   C - +2 cloak
rCorr    +         Harm     .   x - +0 pair of gloves
MR       .....                  e - +2 pair of boots
Stlth    ..........             A - +6 amulet of reflection
Regen    0.3/turn               w - ring of protection from fire
MPRegen  0.2/turn               X - ring of fire

@: brilliant, resistant, berserk cooldown, starving
A: retaliatory headbutt, horns 2
a: no special abilities


You were on level 11 of the Dungeon.
You were starving.

You visited 2 branches of the dungeon, and saw 14 of its levels.
You also visited: Volcano.

You collected 801 gold pieces.
You spent 339 gold pieces at shops.

Inventory:

Hand Weapons
 a - a +1 war axe (weapon)
 L - a +0 hand axe of pain
Armour
 c - a +0 shield (worn)
 e - a +2 pair of boots (worn)
 g - a +0 hat (worn)
 x - a +0 pair of gloves (worn)
 C - a +2 cloak (worn)
 O - a +0 cloak
 V - a +2 chain mail of fire resistance (worn)
Jewellery
 u - a cursed amulet of inaccuracy
 w - a ring of protection from fire (left hand)
 A - a +6 amulet of reflection (around neck)
 K - an uncursed ring of wizardry
 X - a ring of fire (right hand)
Wands
 d - a wand of clouds (6/9)
 t - a wand of polymorph (14/24)
 D - a wand of flame (9/48)
 F - a wand of confusion (43/48)
Scrolls
 h - 6 scrolls of teleportation
 l - 8 scrolls of identify
 q - a scroll of fog
 r - 4 scrolls of remove curse
 Q - 2 scrolls of blinking
 R - a scroll of fear
Potions
 m - a potion of brilliance
 n - a potion of agility {unknown}
 s - a potion of magic {unknown}
 z - 2 potions of berserk rage
 E - a potion of lignification {unknown}
 I - 2 potions of haste {unknown}
 U - a potion of cancellation {unknown}
 W - a potion of degeneration {unknown}
Books
 T - a book of Necromancy

   Spells                             Type                      Level
   a - Pain                           Necromancy                   1
   b - Animate Skeleton               Necromancy                   1
   c - Vampiric Draining              Necromancy                   3
   d - Regeneration                   Charms/Necromancy            3
   e - Animate Dead                   Necromancy                   4
   f - Control Undead                 Necromancy                   4
Comestibles
 f - 10 bread rations
 i - 14 fruits
 k - 10 royal jellies
 p - 4 meat rations


   Skills:
 + Level 8.5 Fighting
 + Level 14.2 Axes
 + Level 8.5 Armour
 + Level 7.0 Dodging
 + Level 3.4 Stealth
 + Level 12.0 Shields
 + Level 0.1 Evocations


You had 10 spell levels left.
You didn't know any spells.

Dungeon Overview and Level Annotations

Branches:
Dungeon (13/15)            Temple (0/1) D:4            Lair (1/6) D:9
    Orc: D:9-12      Vaults: D:13-14

Altars:
Ashenzari
Fedhas
Gozag
Kikubaaqudgha
Okawaru
Ru
Trog
Uskayaw
Vehumet

Shops:
D:4 [   D:8 ?   D:13 =

Portals:
Ice
Cave: D:11

Annotations:
D:3 1 runed door
D:11 Erolcha


Innate Abilities, Weirdness & Mutations

You reflexively headbutt those who attack you in melee.
You have a pair of horns on your head.


Message History

The ice devil is severely wounded.
The ice devil barely misses you. You furiously retaliate!
You headbutt the ice devil, but do no damage.
The ice devil hits you.
* * * LOW HITPOINT WARNING * * *
The ice devil freezes you!
* * * LOW HITPOINT WARNING * * *
You feel better.
You feel yourself speed up. You block the ice devil's attack.
Unknown command.
You barely miss the ice devil.
The ice devil is heavily wounded.
You block the ice devil's attack.
You barely miss the ice devil.
The ice devil is heavily wounded.
The ice devil hits you.
* * * LOW HITPOINT WARNING * * *
The ice devil freezes you!
You die...

##############......
***#### #..[...
*,,∩..# #......
*,,...# #......
*,,...* #......
*,,..,* #####.#
***.#** ##)# ##4##
#..# #@..# ****#'##
#+#+#*** #....o..
*,,,,,,* #....o.O
*,,,,,,* #.......
*,,,,,,* #.......
*,,,,,,***#.......
*,,,,,,,,,#.......
*,,,,,,**,#......[
*,,,,,,**,+,,,,,,,


You could see an ice devil.

Vanquished Creatures
  A fire dragon (Volcano)
  A centaur warrior (D:9)
  4 two-headed ogres
  A lindwurm (Volcano)
  A manticore (D:12)
  2 gargoyles
  2 spiny frogs (Lair:1)
  Psyche (D:9)
  A molten gargoyle (Volcano)
  A centaur skeleton (D:9)
  A rime drake (Lair:1)
  An ice devil (D:11)
  A troll (D:10)
  A hornet (D:8)
  2 hippogriffs
  6 yaks
  4 fire bats (Volcano)
  2 wyverns
  2 hogs (D:8)
  2 steam dragons
  A human (D:8)
  Edmund (D:6)
  Menkaure (D:6)
  A water moccasin (Lair:1)
  2 hell hounds (Volcano)
  3 black bears
  An ice beast (D:5)
  A sky beast (D:9)
  A hornet zombie (D:12)
  4 ogres
  2 centaurs
  8 bullfrogs
  Blork the orc (D:6)
  A wyvern skeleton (D:12)
  6 scorpions
  7 killer bees
  4 wights (D:8)
  A howler monkey (D:10)
  5 lava snakes (Volcano)
  2 bullfrog zombies
  4 crimson imps
  2 quasits
  A centaur zombie (D:7)
  2 hounds
  2 bullfrog skeletons
  5 orc priests
  A gnoll shaman (D:6)
  A jelly (D:10)
  7 orc wizards
  2 iguanas
  Ijyb (D:3)
  Terence (D:2)
  7 worker ants
  A killer bee zombie (D:6)
  2 hound zombies
  A hound skeleton (D:8)
  5 gnolls (D:6)
  6 adders
  A shadow imp (D:6)
  An adder skeleton (D:7)
  3 worms
  A dart slug (D:2)
  4 leopard geckos
  22 orcs
  3 ball pythons
  A bat skeleton (D:2)
  4 giant cockroaches
  5 goblins
  5 hobgoblins
  10 jackals
  2 quokkas
  7 bats
  9 frilled lizards
  2 jackal skeletons
  A jackal zombie (D:2)
  8 kobolds
  A quokka skeleton (D:4)
  A quokka zombie (D:6)
  9 rats
241 creatures vanquished.

Vanquished Creatures (others)
  A hippogriff (D:10)
  A centaur (D:8)
2 creatures vanquished.

Grand Total: 243 creatures vanquished

Notes
Turn   | Place    | Note
-------+----------+-------------------------------------------
     0 | D:1      | equalderp2856 the Minotaur Fighter began the quest for the Orb.
     0 | D:1      | Reached XP level 1. HP: 19/19 MP: 0/0
   183 | D:1      | Reached XP level 2. HP: 27/27 MP: 1/1
   752 | D:2      | Noticed Terence
   764 | D:2      | Killed Terence
   764 | D:2      | Reached skill level 3 in Axes
   764 | D:2      | Reached skill level 1 in Dodging
   764 | D:2      | Reached XP level 3. HP: 27/33 MP: 2/2
   938 | D:2      | Found a sacrificial altar of Ru.
   944 | D:2      | Reached XP level 4. HP: 38/40 MP: 3/3
  1489 | D:3      | Reached skill level 4 in Axes
  1489 | D:3      | Reached XP level 5. HP: 34/46 MP: 4/4
  1596 | D:3      | Noticed Ijyb
  1611 | D:3      | Killed Ijyb
  1862 | D:3      | Found a runed door.
  2009 | D:4      | Found a staircase to the Ecumenical Temple.
  2043 | D:4      | Reached skill level 5 in Axes
  2072 | D:4      | Reached XP level 6. HP: 36/52 MP: 5/5
  2118 | D:4      | Found Uxaoclog's Armour Boutique.
  2218 | D:4      | Reached skill level 5 in Shields
  2433 | D:4      | Reached skill level 6 in Axes
  2507 | D:4      | Bought a +2 cloak for 165 gold pieces
  2657 | D:5      | Entered Level 5 of the Dungeon
  2775 | D:5      | Noticed an ice beast
  2787 | D:5      | Killed an ice beast
  2787 | D:5      | Reached XP level 7. HP: 38/60 MP: 6/6
  3180 | D:5      | Found an ancient bone altar of Kikubaaqudgha.
  3445 | D:6      | Noticed Edmund
  3457 | D:6      | Killed Edmund
  3457 | D:6      | Reached skill level 7 in Axes
  3457 | D:6      | Reached skill level 5 in Armour
  3571 | D:6      | Reached skill level 5 in Fighting
  3783 | D:6      | Reached XP level 8. HP: 64/68 MP: 7/7
  3793 | D:6      | Reached skill level 8 in Axes
  3910 | D:6      | Found an opulent altar of Gozag.
  3961 | D:6      | Noticed Blork the orc
  3967 | D:6      | Killed Blork the orc
  4143 | D:6      | Noticed Menkaure
  4151 | D:6      | Killed Menkaure
  4306 | D:6      | Reached skill level 9 in Axes
  4447 | D:6      | Found a hide-covered altar of Uskayaw.
  4447 | D:6      | Found a shattered altar of Ashenzari.
  4835 | D:7      | Found a blossoming altar of Fedhas.
  4835 | D:7      | Found a bloodstained altar of Trog.
  5052 | D:7      | Reached XP level 9. HP: 64/75 MP: 8/8
  5058 | D:7      | Reached skill level 10 in Axes
  5483 | D:8      | Noticed a two-headed ogre
  5507 | D:8      | Killed a two-headed ogre
  5507 | D:8      | Reached skill level 11 in Axes
  5507 | D:8      | Reached skill level 1 in Stealth
  5551 | D:8      | Found an iron altar of Okawaru.
  5601 | D:8      | Reached skill level 5 in Dodging
  5602 | D:8      | Found a radiant altar of Vehumet.
  5781 | D:8      | Found Qoalugopn's Magic Scroll Shoppe.
  5789 | D:8      | Bought a scroll of blinking for 90 gold pieces
  5789 | D:8      | Bought a scroll of fear for 42 gold pieces
  5789 | D:8      | Bought a scroll of magic mapping for 42 gold pieces
  6175 | D:8      | Reached XP level 10. HP: 84/84 MP: 9/9
  6211 | D:8      | Reached skill level 12 in Axes
  6375 | D:9      | Found a staircase to the Lair.
  6771 | D:9      | Noticed Psyche
  6775 | D:9      | Killed Psyche
  6955 | D:9      | Noticed a two-headed ogre
  6965 | D:9      | Killed a two-headed ogre
  7131 | D:9      | Noticed a two-headed ogre
  7147 | D:9      | Killed a two-headed ogre
  7263 | D:9      | Noticed a gargoyle
  7268 | D:9      | Killed a gargoyle
  7393 | Lair:1   | Entered Level 1 of the Lair of Beasts
  7530 | Lair:1   | Noticed a spiny frog
  7540 | Lair:1   | Killed a spiny frog
  7540 | Lair:1   | Reached XP level 11. HP: 74/93 MP: 10/10
  7560 | Lair:1   | Reached skill level 13 in Axes
  7587 | Lair:1   | Found a dark tunnel.
  7598 | Volcano  | Entered a volcano
  8134 | Volcano  | Reached skill level 10 in Shields
  8216 | Volcano  | Found a radiant altar of Vehumet.
  8216 | Volcano  | Noticed a lindwurm
  8245 | Volcano  | Killed a lindwurm
  8373 | Volcano  | Noticed a fire dragon
  8379 | Volcano  | Killed a fire dragon
  8898 | Lair:1   | Noticed an eight-headed hydra
  8957 | D:10     | Entered Level 10 of the Dungeon
  8957 | D:10     | Noticed a two-headed ogre
  8957 | D:10     | Noticed a centaur warrior
  8968 | D:9      | Killed a centaur warrior
  9018 | D:10     | Killed a two-headed ogre
  9263 | D:10     | You fall through a shaft for 3 floors!
  9263 | D:13     | Found Weoschuh's Jewellery Emporium.
  9360 | D:12     | Reached skill level 14 in Axes
  9801 | D:11     | Noticed Erolcha
  9819 | D:11     | Found a frozen archway.
  9846 | D:11     | Mangled by an ice devil

Skill      XL: |  1  2  3  4  5  6  7  8  9 10 11 |
---------------+----------------------------------+-----
Shields        | 4 5 6 8 9 12 | 12.0
Armour         | 4 5 6 7 8 |  8.5
Axes           | 3 4 5 6 7 9 11 12 14 | 14.2
Dodging        | 1 2 3 4 5 6 7 |  7.0
Fighting       | 4 5 6 7 8 |  8.5
Stealth        | 1 2 3 |  3.4
Evocations     | |  0.1

Action                   |  1- 3 |  4- 6 |  7- 9 | 10-12 || total
-------------------------+-------+-------+-------+-------++-------
Melee: War axe           |    90 |   154 |   285 |   410 ||   939
       Headbutt          |    13 |    18 |    71 |    91 ||   193
Evoke: Wand              |       |       |     1 |     2 ||     3
  Use: Scroll            |       |     3 |     7 |     4 ||    14
       Potion            |       |       |       |     6 ||     6
 Stab: Paralysed         |       |     1 |       |       ||     1
       Confused          |       |       |     2 |     5 ||     7
       Distracted        |       |       |       |     1 ||     1
       Sleeping          |       |       |       |     1 ||     1
  Eat: Chunk             |       |     6 |    10 |     9 ||    25
       Fruit             |       |       |       |     3 ||     3
Armor: Scale mail        |    42 |    23 |       |       ||    65
       Ring mail         |       |    33 |   112 |    40 ||   185
       Skin              |       |     7 |       |       ||     7
       Chain mail        |       |       |       |    61 ||    61
Dodge: Dodged            |    27 |    38 |   112 |   101 ||   278
Block: Shield            |    46 |    86 |   162 |   348 ||   642
       Reflection        |       |       |     2 |     9 ||    11
